Canucks vs Rangers
Created - December 1, 2024 at 19:16
Goals
|
Canucks |
2 |
0 |
1 |
3 |
Rangers |
2 |
2 |
1 |
5 |
|
Shots
|
Canucks |
11 |
6 |
7 |
24 |
Rangers |
15 |
10 |
13 |
38 |
|
1st period
1. Rangers , Ryan Strome 5 (Milan Lucic 8) at 6:02 (PP)
2. Canucks , J.T. Miller 13 (Chris Tierney 18, Jordan Eberle 7) at 8:42 (PP)
3. Rangers , Ondrej Palat 6 (Casey Mittelstadt 3, Vince Dunn 4) at 16:22
4. Canucks , Tyler Kennedy 1 (Tyler Cuma 10, Matt Martin 2) at 18:43
Penalties :
Dmitry Kulikov (NyR) for Tripping (Minor) at 3:14, Ben Harpur (Van) for Hooking (Minor) at 5:56, Ryan Strome (NyR) for Interference (Minor) at 8:07
2nd period
5. Rangers , Sean Couturier 5 (Milan Lucic 9, Oliver Bjorkstrand 3) at 9:25
6. Rangers , Tomas Hertl 10 (Mikhail Sergachev 6, Cale Makar 17) at 19:22 (PP)
Penalties :
Cale Makar (NyR) for Unsportsmanlike conduct (Minor) at 0:37, Samuel Blais (NyR) for Holding (Minor) at 4:03, J.T. Miller (Van) for Slashing (Minor) at 9:42, Ondrej Palat (NyR) for Close Hand On Puck (Minor) at 12:43, Tyler Cuma (Van) for Roughing (Minor) at 18:44
3rd period
7. Canucks , Chris Tierney 7 (Jordan Eberle 8, J.T. Miller 16) at 0:32
8. Rangers , Milan Lucic 11 (Cale Makar 18, Mikhail Sergachev 7) at 8:17 (PP)
Penalties :
Yanni Gourde (Van) for Holding (Minor) at 1:19, Tyler Cuma (Van) for Hooking (Minor) at 7:38, Tony DeAngelo (Van) for Interference (Minor) at 10:49, Tyler Kennedy (Van) for Boarding (Minor) at 15:29
Goalie Stats
Matt Hackett (Van), 33 saves from 38 shots - (0.868), L, 5-4-0, 60:00 minutes
Samuel Montembeault (NyR), 21 saves from 24 shots - (0.875), W, 5-4-3, 60:00 minutes
Players Stats for Canucks
Player Name G A P +/- PIM S H SB GA TA FO MP PP MP PK MP
------------------------------------------------------------------------------------
Alex Goligoski 0 0 0 -2 0 1 1 1 0 0 0/0 22:03 3:54 4:08
Ben Harpur 0 0 0 0 2 2 1 0 0 1 0/0 8:47 0:00 0:00
Brock Boeser 0 0 0 -1 0 0 0 0 0 1 0/0 14:22 3:41 0:00
Chris Tierney 1 1 2 1 0 4 2 0 0 0 19/43 23:32 4:50 3:29
Denis Gurianov 0 0 0 -1 0 2 1 0 0 1 1/1 16:31 3:41 1:52
Gilbert Brule 0 0 0 1 0 0 1 0 0 0 1/3 9:17 0:00 2:14
J.T. Miller 1 1 2 1 2 5 0 0 1 0 6/9 25:02 4:50 4:05
Jason Spezza 0 0 0 -1 0 0 2 0 0 0 0/0 8:57 0:00 0:00
Jordan Eberle 0 2 2 1 0 0 4 0 0 0 1/1 24:44 4:46 5:02
Mark Jankowski 0 0 0 -1 0 1 0 0 0 0 1/1 9:19 0:00 0:07
Matt Martin 0 1 1 1 0 0 0 1 0 0 0/0 5:41 0:00 0:00
Michael Kesselring 0 0 0 0 0 0 0 1 0 0 0/0 11:10 0:00 2:22
Robert Nilsson 0 0 0 -1 0 1 2 0 0 0 0/2 10:21 0:04 0:01
Tony DeAngelo 0 0 0 -2 2 2 0 1 0 2 0/0 21:20 3:54 3:03
Travis Hamonic 0 0 0 2 0 1 1 1 0 1 0/0 29:09 4:37 5:11
Tyler Cuma 0 1 1 2 4 2 1 4 0 1 0/0 27:50 4:37 3:54
Tyler Kennedy 1 0 1 1 2 2 0 1 0 0 0/0 5:42 0:00 0:00
Yanni Gourde 0 0 0 -1 2 1 1 0 0 0 2/4 16:47 3:41 1:48
Players Stats for Rangers
Player Name G A P +/- PIM S H SB GA TA FO MP PP MP PK MP
------------------------------------------------------------------------------------
Cale Makar 0 2 2 0 2 4 1 0 3 0 0/0 23:34 5:59 1:24
Casey Mittelstadt 0 1 1 1 0 0 2 0 0 0 4/12 14:04 0:04 4:24
Connor Chatam 0 0 0 -1 0 0 0 0 0 0 0/0 6:41 0:00 0:00
David Pope 0 0 0 -1 0 1 0 0 0 0 0/0 7:44 0:04 0:54
Devante Smith-Pelly 0 0 0 0 0 0 1 0 0 0 0/0 15:47 4:07 0:00
Dmitry Kulikov 0 0 0 -1 2 1 0 1 0 0 0/0 17:32 0:00 2:55
Henrik Samuelsson 0 0 0 -1 0 1 2 0 0 0 3/4 10:03 0:00 2:58
Jake McCabe 0 0 0 0 0 2 1 0 0 1 0/0 25:51 3:20 4:34
Mikhail Sergachev 0 2 2 -1 0 4 0 0 0 0 0/0 23:58 5:59 4:42
Milan Lucic 1 2 3 0 0 5 2 1 0 0 0/0 23:57 5:08 4:36
Oliver Bjorkstrand 0 1 1 1 0 1 0 0 0 0 1/1 8:40 0:00 0:00
Ondrej Palat 1 0 1 1 2 2 2 0 0 0 0/0 13:46 4:07 0:00
Patrik Nemeth 0 0 0 1 0 1 1 0 0 0 0/0 14:29 0:00 3:27
Ryan Strome 1 0 1 0 2 4 0 0 1 0 2/3 20:36 5:12 1:23
Samuel Blais 0 0 0 0 2 5 1 0 0 0 0/0 12:01 0:00 0:00
Sean Couturier 1 0 1 0 0 4 1 1 1 0 17/32 22:08 5:08 2:47
Tomas Hertl 1 0 1 0 0 2 0 0 1 0 6/12 15:39 4:07 0:00
Vince Dunn 0 1 1 1 0 1 1 0 1 0 0/0 14:54 3:20 0:00
3 Stars
1 - Milan Lucic (NyR)
2 - Chris Tierney (Van)
3 - Jordan Eberle (Van)
Power Play
Canucks - 1 on 5 Attempt(s) - 20.00%
Rangers - 3 on 7 Attempt(s) - 42.86%
Penalty Kill
Canucks - 4 on 7 Attempt(s) - 57.14%
- Score 0 goal in Penalty Kill
Rangers - 4 on 5 Attempt(s) - 80.00%
- Score 0 goal in Penalty Kill
Team Stat
Canucks - Hits : 17 - Faceoff Wins : 31 - Blocked Shots : 10 - Penalty Minutes : 14
Rangers - Hits : 15 - Faceoff Wins : 33 - Blocked Shots : 3 - Penalty Minutes : 10
Official
Referees : Tom Chmielewski and Kendrick Nicholson
Linesman : Travis Gawryletz and Steve Miller
Game Notes
No Game Note
Finance
Level 1 -- Attendance: 6000 (100.00%) -- Ticket Income $600,000
Level 2 -- Attendance: 5000 (100.00%) -- Ticket Income $350,000
Level 3 -- Attendance: 1864 (93.20%) -- Ticket Income $74,560
Level 4 -- Attendance: 3912 (97.80%) -- Ticket Income $117,360
Luxury Box -- Attendance: 970 (97.00%) -- Ticket Income $194,000
Game was played at the Madison Square Garden.
Total Attendance: 17746 (98.59%)
Total Ticket Income: $1,335,920
Other Income: $200,388
Total Income: $1,536,308
Canucks
5 vs 5 Forward
Center Left Wing Right Wing Time % Phy DF OF
1 Chris Tierney J.T. Miller Jordan Eberle 56 1 2 2
2 Yanni Gourde Denis Gurianov Brock Boeser 30 1 2 2
3 Robert Nilsson Mark Jankowski Jason Spezza 10 1 2 2
4 Gilbert Brule Matt Martin Tyler Kennedy 4 1 2 2
5 vs 5 Defense
Defense Defense Time % Phy DF OF
1 Travis Hamonic Tyler Cuma 50 1 2 2
2 Alex Goligoski Tony DeAngelo 37 1 2 2
3 Ben Harpur Michael Kesselring 9 1 2 2
4 Travis Hamonic Tyler Cuma 4 1 2 2
PowerPlay Forward
Center Left Wing Right Wing Time % Phy DF OF
1 Chris Tierney J.T. Miller Jordan Eberle 60 1 2 2
2 Yanni Gourde Denis Gurianov Brock Boeser 40 1 2 2
PowerPlay Defense
Defense Defense Time % Phy DF OF
1 Travis Hamonic Tyler Cuma 60 1 2 2
2 Alex Goligoski Tony DeAngelo 40 1 2 2
Penalty Kill 4 Players Forward
Center Wing Time % Phy DF OF
1 J.T. Miller Jordan Eberle 60 1 2 2
2 Chris Tierney Yanni Gourde 40 1 2 2
Penalty Kill 4 Players Defense
Defense Defense Time % Phy DF OF
1 Travis Hamonic Tyler Cuma 60 1 2 2
2 Alex Goligoski Tony DeAngelo 40 1 2 2
Penalty Kill - 3 Players Forward
Forward Time % Phy DF OF
1 J.T. Miller 60 1 2 2
2 Jordan Eberle 40 1 2 2
Penalty Kill - 3 Players Defense
Defense Defense Time % Phy DF OF
1 Travis Hamonic Tyler Cuma 60 1 2 2
2 Alex Goligoski Tony DeAngelo 40 1 2 2
4 vs 4 Forward
Center Wing Time % Phy DF OF
1 J.T. Miller Jordan Eberle 60 1 2 2
2 Chris Tierney Yanni Gourde 40 1 2 2
4 vs 4 Defense
Defense Defense Time % Phy DF OF
1 Travis Hamonic Tyler Cuma 60 1 2 2
2 Alex Goligoski Tony DeAngelo 40 1 2 2
Last Minutes Offensive
Center Left Wing Right Wing Defense Defense
Chris Tierney J.T. Miller Jordan Eberle Travis Hamonic Tyler Cuma
Last Minutes Defensive
Center Left Wing Right Wing Defense Defense
Chris Tierney J.T. Miller Jordan Eberle Travis Hamonic Tyler Cuma
Goaltenders
Starting : Matt Hackett
Backup : Petr Mrazek
Extra Forwards
Normal : Robert Nilsson, Jason Spezza, Gilbert Brule - PP : Robert Nilsson, Jason Spezza - PK : Gilbert Brule
Extra Defensemen
Normal : Ben Harpur, Michael Kesselring, Alex Goligoski - PP : Ben Harpur - PK : Michael Kesselring, Alex Goligoski
Penalty Shots
J.T. Miller, Jordan Eberle, Chris Tierney, Yanni Gourde, Robert Nilsson
Custom OT Lines Forwards
J.T. Miller, Jordan Eberle, Chris Tierney, Yanni Gourde, Robert Nilsson, Matt Martin, Brock Boeser, Jason Spezza, Gilbert Brule, Mark Jankowski
Custom OT Lines Defensemen
Travis Hamonic, Tyler Cuma, Alex Goligoski, Tony DeAngelo, Ben Harpur
Scratches
Oliver Ekman-Larsson (Sprained Left Ankle Injury)
Rangers
5 vs 5 Forward
Center Left Wing Right Wing Time % Phy DF OF
1 Sean Couturier Milan Lucic Ryan Strome 40 1 2 2
2 Tomas Hertl Samuel Blais Devante Smith-Pelly 30 1 2 2
3 Casey Mittelstadt Ondrej Palat Oliver Bjorkstrand 20 1 2 2
4 Henrik Samuelsson David Pope Connor Chatam 10 1 2 2
5 vs 5 Defense
Defense Defense Time % Phy DF OF
1 Cale Makar Jake McCabe 45 1 2 2
2 Dmitry Kulikov Mikhail Sergachev 30 1 2 2
3 Patrik Nemeth Vince Dunn 24 1 2 2
4 Cale Makar Jake McCabe 1 1 2 2
PowerPlay Forward
Center Left Wing Right Wing Time % Phy DF OF
1 Sean Couturier Milan Lucic Ryan Strome 60 1 1 3
2 Tomas Hertl Ondrej Palat Devante Smith-Pelly 40 1 1 3
PowerPlay Defense
Defense Defense Time % Phy DF OF
1 Cale Makar Mikhail Sergachev 60 1 2 2
2 Jake McCabe Vince Dunn 40 1 2 2
Penalty Kill 4 Players Forward
Center Wing Time % Phy DF OF
1 Casey Mittelstadt Milan Lucic 60 1 2 2
2 Henrik Samuelsson Sean Couturier 40 1 2 2
Penalty Kill 4 Players Defense
Defense Defense Time % Phy DF OF
1 Jake McCabe Mikhail Sergachev 60 1 2 2
2 Dmitry Kulikov Patrik Nemeth 40 1 2 2
Penalty Kill - 3 Players Forward
Forward Time % Phy DF OF
1 Sean Couturier 60 1 2 2
2 Henrik Samuelsson 40 1 2 2
Penalty Kill - 3 Players Defense
Defense Defense Time % Phy DF OF
1 Jake McCabe Mikhail Sergachev 60 1 2 2
2 Dmitry Kulikov Patrik Nemeth 40 1 2 2
4 vs 4 Forward
Center Wing Time % Phy DF OF
1 Sean Couturier Milan Lucic 60 1 2 2
2 Tomas Hertl Ondrej Palat 40 1 2 2
4 vs 4 Defense
Defense Defense Time % Phy DF OF
1 Cale Makar Jake McCabe 60 1 2 2
2 Mikhail Sergachev Vince Dunn 40 1 2 2
Last Minutes Offensive
Center Left Wing Right Wing Defense Defense
Sean Couturier Milan Lucic Ryan Strome Jake McCabe Cale Makar
Last Minutes Defensive
Center Left Wing Right Wing Defense Defense
Sean Couturier Milan Lucic Devante Smith-Pelly Jake McCabe Cale Makar
Goaltenders
Starting : Samuel Montembeault
Backup : Eric Comrie
Extra Forwards
Normal : Ryan Strome, Ondrej Palat, Henrik Samuelsson - PP : Ryan Strome, Ondrej Palat - PK : Ryan Strome
Extra Defensemen
Normal : Vince Dunn, Mikhail Sergachev, Cale Makar - PP : Mikhail Sergachev - PK : Jake McCabe, Mikhail Sergachev
Penalty Shots
Milan Lucic, Sean Couturier, Tomas Hertl, Devante Smith-Pelly, Ryan Strome
Custom OT Lines Forwards
Milan Lucic, Sean Couturier, Tomas Hertl, Devante Smith-Pelly, Ryan Strome, Ondrej Palat, Henrik Samuelsson, Oliver Bjorkstrand, David Pope, Samuel Blais
Custom OT Lines Defensemen
Jake McCabe, Cale Makar, Dmitry Kulikov, Vince Dunn, Mikhail Sergachev
Scratches
Seth Griffith (Healthy), Stefan Noesen (Healthy), Steven Santini (Healthy)
% Time on Ice - Canucks
Lines # - Real PCT - Wanted PCT - Time Play
Normal Forward
1 - 42% - 56% - 17:33
2 - 25% - 30% - 10:23
3 - 20% - 10% - 8:33
4 - 13% - 4% - 5:41
Normal Defense
1 - 46% - 50% - 19:21
2 - 33% - 37% - 14:01
3 - 21% - 9% - 8:48
4 - 0% - 4% - 0:00
PP Forward
1 - 57% - 60% - 4:50
2 - 43% - 40% - 3:41
PP Defense
1 - 54% - 60% - 4:37
2 - 46% - 40% - 3:54
PK Forward
1 - 76% - 60% - 7:04
2 - 24% - 40% - 2:15
PK Defense
1 - 56% - 60% - 5:11
2 - 44% - 40% - 4:08
PK3 Forward
1 - 0% - 60%
2 - 0% - 40%
PK3 Defense
1 - 0% - 60%
2 - 0% - 40%
44 Forward
1 - 0% - 60%
2 - 0% - 40%
44 Defense
1 - 0% - 60%
2 - 0% - 40%
Last Minute Offensive - 0:00
Last Minute Defensive - 0:00
Total
Forward - 60:00
Defense - 60:00
|
% Time on Ice - Rangers
Lines # - Real PCT - Wanted PCT - Time Play
Normal Forward
1 - 35% - 40% - 14:52
2 - 30% - 30% - 12:49
3 - 21% - 20% - 8:40
4 - 14% - 10% - 5:49
Normal Defense
1 - 43% - 45% - 18:17
2 - 31% - 30% - 13:02
3 - 26% - 24% - 10:51
4 - 0% - 1% - 0:00
PP Forward
1 - 56% - 60% - 5:12
2 - 44% - 40% - 4:07
PP Defense
1 - 64% - 60% - 5:59
2 - 36% - 40% - 3:20
PK Forward
1 - 67% - 60% - 5:44
2 - 33% - 40% - 2:47
PK Defense
1 - 59% - 60% - 5:04
2 - 41% - 40% - 3:27
PK3 Forward
1 - 0% - 60%
2 - 0% - 40%
PK3 Defense
1 - 0% - 60%
2 - 0% - 40%
44 Forward
1 - 0% - 60%
2 - 0% - 40%
44 Defense
1 - 0% - 60%
2 - 0% - 40%
Last Minute Offensive - 0:00
Last Minute Defensive - 0:00
Total
Forward - 60:00
Defense - 60:00
|
Play-by-Play
1st period
0:01 of 1st period - Jordan Eberle wins face-off versus Sean Couturier in neutral zone.
0:56 of 1st period - Snap shot by Robert Nilsson.
0:56 of 1st period - Shot Blocked by Dmitry Kulikov.
0:58 of 1st period - Snap shot by Robert Nilsson.
0:58 of 1st period - Stopped by Samuel Montembeault with a rebound.
1:10 of 1st period - Snap shot by Oliver Bjorkstrand.
1:10 of 1st period - Shot Blocked by Tyler Kennedy.
1:12 of 1st period - Slapshot by Mikhail Sergachev.
1:12 of 1st period - Stopped by Matt Hackett with a rebound.
1:14 of 1st period - Snap shot by Mikhail Sergachev.
1:14 of 1st period - Stopped by Matt Hackett without a rebound.
1:15 of 1st period - Henrik Samuelsson wins face-off versus Chris Tierney in Canucks zone.
2:11 of 1st period - Off-side.
2:12 of 1st period - Chris Tierney wins face-off versus Casey Mittelstadt in neutral zone.
2:29 of 1st period - Snap shot by J.T. Miller.
2:29 of 1st period - Shot Misses the Net.
2:51 of 1st period - Snap shot by Sean Couturier.
2:51 of 1st period - Shot Misses the Net.
3:14 of 1st period - Minor Penalty to Dmitry Kulikov for Tripping.
3:15 of 1st period - Chris Tierney wins face-off versus Casey Mittelstadt in Rangers zone.
3:19 of 1st period - Wrist shot by J.T. Miller.
3:19 of 1st period - Shot Misses the Net.
3:21 of 1st period - Slapshot by Tony DeAngelo.
3:21 of 1st period - Stopped by Samuel Montembeault without a rebound.
3:22 of 1st period - Casey Mittelstadt wins face-off versus Chris Tierney in Rangers zone.
3:51 of 1st period - Wrist shot by Sean Couturier.
3:51 of 1st period - Shot Misses the Net.
5:01 of 1st period - Sean Couturier is hit by Alex Goligoski and loses puck.
5:14 of 1st period - Penalty to Dmitry Kulikov is over, Dmitry Kulikov is back on ice.
5:32 of 1st period - Slapshot by Milan Lucic.
5:32 of 1st period - Stopped by Matt Hackett without a rebound.
5:33 of 1st period - Tomas Hertl wins face-off versus Robert Nilsson in Canucks zone.
5:42 of 1st period - Wrist shot by Tomas Hertl.
5:42 of 1st period - Shot Misses the Net.
5:44 of 1st period - Slapshot by Mikhail Sergachev.
5:44 of 1st period - Deflect By Mark Jankowski.
5:44 of 1st period - Stopped by Matt Hackett with a rebound.
5:46 of 1st period - Snap shot by Tomas Hertl.
5:46 of 1st period - Shot Misses the Net.
5:48 of 1st period - Slapshot by Patrik Nemeth.
5:48 of 1st period - Deflect By Robert Nilsson.
5:48 of 1st period - Stopped by Matt Hackett with a rebound.
5:56 of 1st period - Minor Penalty to Ben Harpur for Hooking.
5:57 of 1st period - Ryan Strome wins face-off versus J.T. Miller in Canucks zone.
6:02 of 1st period - Snap shot by Milan Lucic.
6:02 of 1st period - Deflect By Ryan Strome.
6:02 of 1st period - Goal by Ryan Strome - Canucks : 0 - Rangers : 1.
6:03 of 1st period - Chris Tierney wins face-off versus Sean Couturier in neutral zone.
6:54 of 1st period - Casey Mittelstadt is hit by Jason Spezza and loses puck.
7:31 of 1st period - Snap shot by David Pope.
7:31 of 1st period - Stopped by Matt Hackett without a rebound.
7:32 of 1st period - Henrik Samuelsson wins face-off versus Gilbert Brule in Canucks zone.
7:59 of 1st period - Snap shot by Jordan Eberle.
7:59 of 1st period - Shot Blocked by Milan Lucic.
8:05 of 1st period - Snap shot by J.T. Miller.
8:05 of 1st period - Shot Misses the Net.
8:07 of 1st period - Minor Penalty to Ryan Strome for Interference.
8:08 of 1st period - Casey Mittelstadt wins face-off versus Chris Tierney in Rangers zone.
8:19 of 1st period - Snap shot by J.T. Miller.
8:19 of 1st period - Stopped by Samuel Montembeault without a rebound.
8:20 of 1st period - Casey Mittelstadt wins face-off versus Chris Tierney in Rangers zone.
8:28 of 1st period - Off-side.
8:29 of 1st period - J.T. Miller wins face-off versus Casey Mittelstadt in neutral zone.
8:42 of 1st period - Snap shot by J.T. Miller.
8:42 of 1st period - Goal by J.T. Miller - Canucks : 1 - Rangers : 1.
8:43 of 1st period - Chris Tierney wins face-off versus Sean Couturier in neutral zone.
9:40 of 1st period - Snap shot by Ondrej Palat.
9:40 of 1st period - Stopped by Matt Hackett with a rebound.
9:42 of 1st period - Wrist shot by Oliver Bjorkstrand.
9:42 of 1st period - Shot Blocked by Tony DeAngelo.
9:44 of 1st period - Slapshot by Cale Makar.
9:44 of 1st period - Deflect By Tony DeAngelo.
9:44 of 1st period - Stopped by Matt Hackett with a rebound.
10:12 of 1st period - Michael Kesselring is hit by Milan Lucic.
10:42 of 1st period - Snap shot by Brock Boeser.
10:42 of 1st period - Shot Misses the Net.
11:28 of 1st period - Icing by Robert Nilsson.
11:29 of 1st period - Mark Jankowski wins face-off versus Sean Couturier in Canucks zone.
11:44 of 1st period - Wrist shot by Mark Jankowski.
11:44 of 1st period - Deflect By Robert Nilsson.
11:44 of 1st period - Shot Misses the Net.
11:44 of 1st period - Puck is out of play.
11:45 of 1st period - Tomas Hertl wins face-off versus Chris Tierney in Rangers zone.
11:50 of 1st period - Jordan Eberle is hit by Jake McCabe and loses puck.
12:35 of 1st period - Tomas Hertl is hit by Travis Hamonic and loses puck.
13:31 of 1st period - Icing by Yanni Gourde.
13:32 of 1st period - Denis Gurianov wins face-off versus Sean Couturier in Canucks zone.
13:38 of 1st period - Off-side.
13:39 of 1st period - Sean Couturier wins face-off versus Chris Tierney in neutral zone.
14:14 of 1st period - Slapshot by Sean Couturier.
14:14 of 1st period - Stopped by Matt Hackett with a rebound.
14:32 of 1st period - Mikhail Sergachev is hit by Gilbert Brule and loses puck.
14:38 of 1st period - Off-side.
14:39 of 1st period - J.T. Miller wins face-off versus Casey Mittelstadt in neutral zone.
14:50 of 1st period - Snap shot by Chris Tierney.
14:50 of 1st period - Stopped by Samuel Montembeault without a rebound.
14:51 of 1st period - Chris Tierney wins face-off versus Casey Mittelstadt in Rangers zone.
14:52 of 1st period - Wrist shot by J.T. Miller.
14:52 of 1st period - Shot Misses the Net.
15:13 of 1st period - Casey Mittelstadt is hit by Jordan Eberle and loses puck.
15:24 of 1st period - Slapshot by Jake McCabe.
15:24 of 1st period - Stopped by Matt Hackett without a rebound.
15:25 of 1st period - Yanni Gourde wins face-off versus Henrik Samuelsson in Canucks zone.
15:34 of 1st period - Wrist shot by Denis Gurianov.
15:34 of 1st period - Stopped by Samuel Montembeault with a rebound.
16:00 of 1st period - Snap shot by J.T. Miller.
16:00 of 1st period - Shot Misses the Net.
16:02 of 1st period - Slapshot by Travis Hamonic.
16:02 of 1st period - Shot Blocked by Sean Couturier.
16:14 of 1st period - Snap shot by Robert Nilsson.
16:14 of 1st period - Shot Misses the Net.
16:22 of 1st period - Snap shot by Ondrej Palat.
16:22 of 1st period - Goal by Ondrej Palat - Canucks : 1 - Rangers : 2.
16:23 of 1st period - Chris Tierney wins face-off versus Sean Couturier in neutral zone.
16:30 of 1st period - Wrist shot by Jordan Eberle.
16:30 of 1st period - Shot Misses the Net.
16:32 of 1st period - Wrist shot by Chris Tierney.
16:32 of 1st period - Stopped by Samuel Montembeault with a rebound.
16:34 of 1st period - Snap shot by Chris Tierney.
16:34 of 1st period - Shot Misses the Net.
16:36 of 1st period - Wrist shot by Alex Goligoski.
16:36 of 1st period - Stopped by Samuel Montembeault with a rebound.
17:22 of 1st period - Snap shot by Denis Gurianov.
17:22 of 1st period - Stopped by Samuel Montembeault with a rebound.
17:44 of 1st period - Slapshot by Oliver Bjorkstrand.
17:44 of 1st period - Stopped by Matt Hackett without a rebound.
17:45 of 1st period - Chris Tierney wins face-off versus Tomas Hertl in Canucks zone.
18:37 of 1st period - Wrist shot by Gilbert Brule.
18:37 of 1st period - Shot Misses the Net.
18:39 of 1st period - Wrist shot by Matt Martin.
18:39 of 1st period - Shot Misses the Net.
18:41 of 1st period - Snap shot by Tyler Cuma.
18:41 of 1st period - Deflect By Vince Dunn.
18:41 of 1st period - Stopped by Samuel Montembeault with a rebound.
18:43 of 1st period - Snap shot by Tyler Kennedy.
18:43 of 1st period - Goal by Tyler Kennedy - Canucks : 2 - Rangers : 2.
18:44 of 1st period - Chris Tierney wins face-off versus Sean Couturier in neutral zone.
18:49 of 1st period - Slapshot by Tyler Cuma.
18:49 of 1st period - Deflect By Jordan Eberle.
18:49 of 1st period - Shot Misses the Net.
18:49 of 1st period - Puck is out of play.
18:50 of 1st period - Sean Couturier wins face-off versus Chris Tierney in Rangers zone.
18:55 of 1st period - J.T. Miller is hit by Sean Couturier and loses puck.
19:16 of 1st period - Slapshot by Cale Makar.
19:16 of 1st period - Stopped by Matt Hackett with a rebound.
19:20 of 1st period - Wrist shot by Samuel Blais.
19:20 of 1st period - Stopped by Matt Hackett with a rebound.
Goals for this period are 2 for Canucks vs 2 for Rangers.
Shots for this period are 11 for Canucks vs 15 for Rangers.
2nd period
0:01 of 2nd period - Sean Couturier wins face-off versus Chris Tierney in neutral zone.
0:15 of 2nd period - Off-side.
0:16 of 2nd period - Chris Tierney wins face-off versus Tomas Hertl in neutral zone.
0:26 of 2nd period - Alex Goligoski is hit by Samuel Blais and loses puck.
0:29 of 2nd period - Slapshot by Chris Tierney.
0:29 of 2nd period - Shot Misses the Net.
0:31 of 2nd period - Slapshot by J.T. Miller.
0:31 of 2nd period - Stopped by Samuel Montembeault with a rebound.
0:37 of 2nd period - Minor Penalty to Cale Makar for Unsportsmanlike conduct.
0:38 of 2nd period - Casey Mittelstadt wins face-off versus Chris Tierney in Rangers zone.
1:33 of 2nd period - Brock Boeser is hit by Milan Lucic.
2:37 of 2nd period - Penalty to Cale Makar is over, Cale Makar is back on ice.
2:52 of 2nd period - Matt Martin is hit by Patrik Nemeth and loses puck.
3:11 of 2nd period - Snap shot by Cale Makar.
3:11 of 2nd period - Deflect By Henrik Samuelsson.
3:11 of 2nd period - Stopped by Matt Hackett with a rebound.
3:29 of 2nd period - Wrist shot by Gilbert Brule.
3:29 of 2nd period - Shot Misses the Net.
4:03 of 2nd period - Minor Penalty to Samuel Blais for Holding.
4:04 of 2nd period - Chris Tierney wins face-off versus Casey Mittelstadt in Rangers zone.
4:39 of 2nd period - Dmitry Kulikov is hit by Denis Gurianov and loses puck.
6:03 of 2nd period - Penalty to Samuel Blais is over, Samuel Blais is back on ice.
6:08 of 2nd period - Samuel Blais is hit by Robert Nilsson and loses puck.
7:18 of 2nd period - Snap shot by Matt Martin.
7:18 of 2nd period - Shot Misses the Net.
7:20 of 2nd period - Slapshot by Ben Harpur.
7:20 of 2nd period - Stopped by Samuel Montembeault with a rebound.
7:22 of 2nd period - Wrist shot by Tyler Kennedy.
7:22 of 2nd period - Stopped by Samuel Montembeault with a rebound.
8:02 of 2nd period - Snap shot by Samuel Blais.
8:02 of 2nd period - Stopped by Matt Hackett without a rebound.
8:03 of 2nd period - Chris Tierney wins face-off versus Casey Mittelstadt in Canucks zone.
9:25 of 2nd period - Wrist shot by Sean Couturier.
9:25 of 2nd period - Goal by Sean Couturier - Canucks : 2 - Rangers : 3.
9:26 of 2nd period - Sean Couturier wins face-off versus Chris Tierney in neutral zone.
9:28 of 2nd period - Vince Dunn is hit by Tyler Cuma and loses puck.
9:33 of 2nd period - Wrist shot by Sean Couturier.
9:33 of 2nd period - Stopped by Matt Hackett without a rebound.
9:34 of 2nd period - Sean Couturier wins face-off versus Chris Tierney in Canucks zone.
9:37 of 2nd period - Snap shot by Milan Lucic.
9:37 of 2nd period - Shot Blocked by Tyler Cuma.
9:42 of 2nd period - Minor Penalty to J.T. Miller for Slashing.
9:43 of 2nd period - Gilbert Brule wins face-off versus Sean Couturier in Canucks zone.
11:42 of 2nd period - Penalty to J.T. Miller is over, J.T. Miller is back on ice.
12:43 of 2nd period - Minor Penalty to Ondrej Palat for Close Hand On Puck.
12:44 of 2nd period - Chris Tierney wins face-off versus Casey Mittelstadt in Rangers zone.
14:05 of 2nd period - Ryan Strome is hit by Chris Tierney and loses puck.
14:43 of 2nd period - Penalty to Ondrej Palat is over, Ondrej Palat is back on ice.
14:59 of 2nd period - Snap shot by Ondrej Palat.
14:59 of 2nd period - Shot Misses the Net.
15:13 of 2nd period - Snap shot by Sean Couturier.
15:13 of 2nd period - Stopped by Matt Hackett without a rebound.
15:14 of 2nd period - Tomas Hertl wins face-off versus Gilbert Brule in Canucks zone.
15:17 of 2nd period - Wrist shot by Tomas Hertl.
15:17 of 2nd period - Shot Blocked by Matt Martin.
15:19 of 2nd period - Slapshot by Tomas Hertl.
15:19 of 2nd period - Shot Misses the Net.
15:21 of 2nd period - Snap shot by Devante Smith-Pelly.
15:21 of 2nd period - Shot Blocked by Travis Hamonic.
15:23 of 2nd period - Snap shot by Vince Dunn.
15:23 of 2nd period - Shot Misses the Net.
15:25 of 2nd period - Snap shot by Samuel Blais.
15:25 of 2nd period - Stopped by Matt Hackett without a rebound.
15:26 of 2nd period - Tomas Hertl wins face-off versus Chris Tierney in Canucks zone.
15:37 of 2nd period - Snap shot by Chris Tierney.
15:37 of 2nd period - Deflect By Jordan Eberle.
15:37 of 2nd period - Shot Misses the Net.
15:37 of 2nd period - Puck is out of play.
15:38 of 2nd period - Chris Tierney wins face-off versus Sean Couturier in Rangers zone.
15:42 of 2nd period - Icing by Ryan Strome.
15:43 of 2nd period - Chris Tierney wins face-off versus Sean Couturier in Rangers zone.
15:47 of 2nd period - Icing by Ryan Strome.
15:48 of 2nd period - Sean Couturier wins face-off versus Chris Tierney in Rangers zone.
16:17 of 2nd period - Wrist shot by J.T. Miller.
16:17 of 2nd period - Stopped by Samuel Montembeault without a rebound.
16:18 of 2nd period - Tomas Hertl wins face-off versus Yanni Gourde in Rangers zone.
16:23 of 2nd period - Snap shot by Samuel Blais.
16:23 of 2nd period - Stopped by Matt Hackett without a rebound.
16:24 of 2nd period - Yanni Gourde wins face-off versus Tomas Hertl in Canucks zone.
16:31 of 2nd period - Snap shot by Yanni Gourde.
16:31 of 2nd period - Stopped by Samuel Montembeault without a rebound.
16:32 of 2nd period - Chris Tierney wins face-off versus Sean Couturier in Rangers zone.
16:59 of 2nd period - Tyler Cuma is hit by Devante Smith-Pelly and loses puck.
17:18 of 2nd period - Wrist shot by Ondrej Palat.
17:18 of 2nd period - Shot Misses the Net.
17:28 of 2nd period - Oliver Bjorkstrand is hit by Robert Nilsson and loses puck.
18:31 of 2nd period - Slapshot by Chris Tierney.
18:31 of 2nd period - Stopped by Samuel Montembeault without a rebound.
18:32 of 2nd period - Chris Tierney wins face-off versus Sean Couturier in Rangers zone.
18:44 of 2nd period - Minor Penalty to Tyler Cuma for Roughing.
18:45 of 2nd period - J.T. Miller wins face-off versus Ryan Strome in Canucks zone.
18:59 of 2nd period - Milan Lucic is hit by Jordan Eberle and loses puck.
19:22 of 2nd period - Snap shot by Tomas Hertl.
19:22 of 2nd period - Goal by Tomas Hertl - Canucks : 2 - Rangers : 4.
19:23 of 2nd period - Sean Couturier wins face-off versus Chris Tierney in neutral zone.
19:26 of 2nd period - Wrist shot by Milan Lucic.
19:26 of 2nd period - Shot Blocked by Tyler Cuma.
19:28 of 2nd period - Snap shot by Mikhail Sergachev.
19:28 of 2nd period - Stopped by Matt Hackett with a rebound.
19:38 of 2nd period - Slapshot by Milan Lucic.
19:38 of 2nd period - Stopped by Matt Hackett without a rebound.
19:39 of 2nd period - Tomas Hertl wins face-off versus Chris Tierney in Canucks zone.
Goals for this period are 0 for Canucks vs 2 for Rangers.
Shots for this period are 6 for Canucks vs 10 for Rangers.
3rd period
0:01 of 3rd period - Sean Couturier wins face-off versus Chris Tierney in neutral zone.
0:04 of 3rd period - Snap shot by Milan Lucic.
0:04 of 3rd period - Stopped by Matt Hackett without a rebound.
0:05 of 3rd period - Sean Couturier wins face-off versus Chris Tierney in Canucks zone.
0:06 of 3rd period - Slapshot by Ryan Strome.
0:06 of 3rd period - Stopped by Matt Hackett with a rebound.
0:08 of 3rd period - Backhand shot by Dmitry Kulikov.
0:08 of 3rd period - Stopped by Matt Hackett without a rebound.
0:09 of 3rd period - Chris Tierney wins face-off versus Sean Couturier in Canucks zone.
0:32 of 3rd period - Snap shot by Chris Tierney.
0:32 of 3rd period - Goal by Chris Tierney - Canucks : 3 - Rangers : 4.
0:33 of 3rd period - Sean Couturier wins face-off versus Chris Tierney in neutral zone.
1:00 of 3rd period - Denis Gurianov is hit by Ondrej Palat and loses puck.
1:19 of 3rd period - Minor Penalty to Yanni Gourde for Holding.
1:20 of 3rd period - Sean Couturier wins face-off versus J.T. Miller in Canucks zone.
1:33 of 3rd period - Slapshot by Milan Lucic.
1:33 of 3rd period - Stopped by Matt Hackett with a rebound.
1:35 of 3rd period - Snap shot by Sean Couturier.
1:35 of 3rd period - Shot Misses the Net.
1:37 of 3rd period - Slapshot by Cale Makar.
1:37 of 3rd period - Shot Misses the Net.
2:48 of 3rd period - Chris Tierney is hit by Vince Dunn and loses puck.
3:19 of 3rd period - Penalty to Yanni Gourde is over, Yanni Gourde is back on ice.
4:42 of 3rd period - Snap shot by J.T. Miller.
4:42 of 3rd period - Stopped by Samuel Montembeault with a rebound.
4:44 of 3rd period - Slapshot by Tyler Cuma.
4:44 of 3rd period - Stopped by Samuel Montembeault with a rebound.
4:46 of 3rd period - Snap shot by Travis Hamonic.
4:46 of 3rd period - Stopped by Samuel Montembeault without a rebound.
4:47 of 3rd period - Henrik Samuelsson wins face-off versus J.T. Miller in Rangers zone.
6:14 of 3rd period - Wrist shot by Devante Smith-Pelly.
6:14 of 3rd period - Shot Blocked by Tyler Cuma.
6:16 of 3rd period - Backhand shot by Vince Dunn.
6:16 of 3rd period - Stopped by Matt Hackett with a rebound.
6:30 of 3rd period - Slapshot by Mark Jankowski.
6:30 of 3rd period - Stopped by Samuel Montembeault without a rebound.
6:31 of 3rd period - Sean Couturier wins face-off versus Yanni Gourde in Rangers zone.
6:43 of 3rd period - Off-side.
6:44 of 3rd period - Sean Couturier wins face-off versus Chris Tierney in neutral zone.
6:47 of 3rd period - Snap shot by Jake McCabe.
6:47 of 3rd period - Deflect By Jordan Eberle.
6:47 of 3rd period - Stopped by Matt Hackett with a rebound.
6:49 of 3rd period - Slapshot by Milan Lucic.
6:49 of 3rd period - Deflect By Tony DeAngelo.
6:49 of 3rd period - Shot Blocked by Alex Goligoski.
6:49 of 3rd period - Puck is out of play.
6:50 of 3rd period - Ryan Strome wins face-off versus Chris Tierney in Canucks zone.
7:30 of 3rd period - Wrist shot by Tony DeAngelo.
7:30 of 3rd period - Deflect By Devante Smith-Pelly.
7:30 of 3rd period - Stopped by Samuel Montembeault without a rebound.
7:31 of 3rd period - Sean Couturier wins face-off versus Chris Tierney in Rangers zone.
7:31 of 3rd period - Sean Couturier is hit by Jordan Eberle.
7:38 of 3rd period - Minor Penalty to Tyler Cuma for Hooking.
7:39 of 3rd period - J.T. Miller wins face-off versus Sean Couturier in Canucks zone.
8:13 of 3rd period - Slapshot by Cale Makar.
8:13 of 3rd period - Deflect By Yanni Gourde.
8:13 of 3rd period - Stopped by Matt Hackett with a rebound.
8:15 of 3rd period - Wrist shot by Milan Lucic.
8:15 of 3rd period - Shot Blocked by Michael Kesselring.
8:17 of 3rd period - Snap shot by Milan Lucic.
8:17 of 3rd period - Goal by Milan Lucic - Canucks : 3 - Rangers : 5.
8:18 of 3rd period - Chris Tierney wins face-off versus Tomas Hertl in neutral zone.
8:27 of 3rd period - Slapshot by Cale Makar.
8:27 of 3rd period - Deflect By Tyler Cuma.
8:27 of 3rd period - Stopped by Matt Hackett with a rebound.
8:29 of 3rd period - Slapshot by Samuel Blais.
8:29 of 3rd period - Stopped by Matt Hackett with a rebound.
8:31 of 3rd period - Wrist shot by Tomas Hertl.
8:31 of 3rd period - Shot Blocked by Tyler Cuma.
8:33 of 3rd period - Wrist shot by Tomas Hertl.
8:33 of 3rd period - Stopped by Matt Hackett without a rebound.
8:34 of 3rd period - Sean Couturier wins face-off versus Chris Tierney in Canucks zone.
8:59 of 3rd period - Tyler Cuma is hit by Cale Makar and loses puck.
9:27 of 3rd period - Casey Mittelstadt is hit by Jason Spezza and loses puck.
9:44 of 3rd period - Slapshot by Ben Harpur.
9:44 of 3rd period - Shot Misses the Net.
9:46 of 3rd period - Slapshot by Ben Harpur.
9:46 of 3rd period - Stopped by Samuel Montembeault without a rebound.
9:47 of 3rd period - Sean Couturier wins face-off versus Chris Tierney in Rangers zone.
10:18 of 3rd period - Snap shot by Yanni Gourde.
10:18 of 3rd period - Shot Misses the Net.
10:28 of 3rd period - Wrist shot by Ryan Strome.
10:28 of 3rd period - Shot Misses the Net.
10:46 of 3rd period - Snap shot by Ryan Strome.
10:46 of 3rd period - Stopped by Matt Hackett without a rebound.
10:47 of 3rd period - Chris Tierney wins face-off versus Tomas Hertl in Canucks zone.
10:49 of 3rd period - Minor Penalty to Tony DeAngelo for Interference.
10:50 of 3rd period - J.T. Miller wins face-off versus Tomas Hertl in Canucks zone.
10:58 of 3rd period - Tyler Cuma is hit by Ondrej Palat and loses puck.
11:21 of 3rd period - Wrist shot by Ryan Strome.
11:21 of 3rd period - Stopped by Matt Hackett without a rebound.
11:22 of 3rd period - Sean Couturier wins face-off versus Chris Tierney in Canucks zone.
12:49 of 3rd period - Penalty to Tony DeAngelo is over, Tony DeAngelo is back on ice.
13:06 of 3rd period - Tony DeAngelo is hit by Henrik Samuelsson and loses puck.
13:16 of 3rd period - Off-side.
13:17 of 3rd period - Oliver Bjorkstrand wins face-off versus Robert Nilsson in neutral zone.
13:20 of 3rd period - Tony DeAngelo is hit by Casey Mittelstadt.
13:46 of 3rd period - Tomas Hertl is hit by Ben Harpur and loses puck.
15:29 of 3rd period - Minor Penalty to Tyler Kennedy for Boarding.
15:30 of 3rd period - J.T. Miller wins face-off versus Sean Couturier in Canucks zone.
15:57 of 3rd period - Mikhail Sergachev is hit by Chris Tierney and loses puck.
17:29 of 3rd period - Penalty to Tyler Kennedy is over, Tyler Kennedy is back on ice.
17:36 of 3rd period - Henrik Samuelsson is hit by Yanni Gourde and loses puck.
18:51 of 3rd period - Patrik Nemeth is hit by Jordan Eberle and loses puck.
19:41 of 3rd period - Chris Tierney is hit by Henrik Samuelsson and loses puck.
19:58 of 3rd period - Alex Goligoski is hit by Casey Mittelstadt and loses puck.
Goals for this period are 1 for Canucks vs 1 for Rangers.
Shots for this period are 7 for Canucks vs 13 for Rangers.